 Dungeon Crawl Stone Soup version 0.31-a0-986-g5e6e4ef867 (webtiles) character file.

Game seed: 528794580820698398

93 dialectric the Covert (level 4, 0/31 HPs)
             Began as an Octopode Delver on Nov 7, 2023.
             Slain by a mummy (7 damage)
             ... in an ossuary.
             The game lasted 00:01:11 (347 turns).

dialectric the Covert (Octopode Delver)              Turns: 347, Time: 00:01:11

Health: 0/31       AC:  1    Str: 11    XL:     4   Next: 61%
Magic:  4/4        EV: 13    Int: 12    God:
Gold:   5          SH:  0    Dex: 15    Spells: 3/3 levels left

rFire   . . .        a - +0 short sword
rCold   . . .        (no shield)
rNeg    . . .        (helmet restricted)
rPois   .            (no amulet)
rElec   .            (no ring)
rCorr   .            (no ring)
SInv    .            (no ring)
Will    .....        (no ring)
Stlth   +++++        (no ring)
HPRegen 0.25/turn    (no ring)
MPRegen 0.09/turn    (no ring)
                     (no ring)

%: no passive effects
@: no status effects
A: almost no armour, amphibious, 8 rings, camouflage 1, gelatinous body 1,
(nimble swimmer 1), tentacles
a: no special abilities


You were in an ossuary.
You visited 1 branch of the dungeon, and saw 1 of its levels.
You also visited: Ossuary.

You collected 5 gold pieces.

Inventory:

Hand Weapons
 a - a +0 short sword (weapon)
Wands
 f - a wand of digging (3)
Scrolls
 b - a scroll of fog
 c - a scroll of revelation
 d - a scroll of fear
Potions
 e - a potion of haste


   Skills:
 + Level 3.3 Fighting
 + Level 2.6 Short Blades
 + Level 2.3 Dodging
 + Level 8.1 Stealth


You had 3 spell levels left.
You didn't know any spells.
Your spell library was empty.

Dungeon Overview and Level Annotations

Branches:
Dungeon (5/15)            Ossuary (1/1)
 Temple: D:4-7

Altars:


Innate Abilities, Weirdness & Mutations

You cannot wear most types of armour.
You are amphibious.
You can wear up to eight rings at the same time.
Your skin changes colour to match your surroundings (Stealth+).
Your rubbery body absorbs attacks. (AC +1, EV +1)
((You are camouflaged when in or above water. (Stealth+)))
You have tentacles for arms and can constrict up to eight enemies at once.


Message History

You destroy the mummy!
Your Stealth skill increases to level 8!
The helpless mummy fails to defend itself.
You impale the mummy!!
You destroy the mummy!
The mummy misses you.
You completely miss the mummy. Your grab misses the mummy. You hit the mummy.
You grab the mummy.
The mummy is lightly damaged.
You constrict the mummy, but do no damage.
The mummy barely misses you.
You hit the mummy. You squeeze the mummy.
The mummy is moderately damaged.
You constrict the mummy, but do no damage.
You hit the mummy but do no damage.
The mummy is moderately damaged.
You constrict the mummy, but do no damage.
The mummy closely misses you.
You hit the mummy but do no damage.
You squeeze the mummy, but do no damage.
The mummy is moderately damaged.
You constrict the mummy. You hit the mummy but do no damage.
The mummy is heavily damaged.
You constrict the mummy. The mummy hits you!
Ouch! That really hurt!
* * * LOW HITPOINT WARNING * * *
You are too injured to fight recklessly!
You are too injured to fight recklessly!
You are too injured to fight recklessly!
You are too injured to fight recklessly!
You are too injured to fight recklessly!
You are too injured to fight recklessly!
You hit the mummy but do no damage.
The mummy is severely damaged.
You constrict the mummy. You completely miss the mummy.
The mummy is severely damaged.
You constrict the mummy. The mummy hits you!
You die...

################
##..........@M..#
##......####......#
#......##..##......#
#.....##....##.....#
#..................#
##................##
##..............##
#+##........##+#
##......#


You could see a mummy.

Vanquished Creatures
  7 mummies (Ossuary)
  3 gnoll zombies (Ossuary)
  A hobgoblin zombie (Ossuary)
  A kobold zombie (Ossuary)
  3 orc zombies (Ossuary)
15 creatures vanquished.

Notes
Turn   | Place    | Note
-------+----------+-------------------------------------------
     0 | D:5      | dialectric the Octopode Delver began the quest for the Orb.
     0 | D:5      | Reached XP level 1. HP: 16/16 MP: 1/1
    39 | D:5      | Found a sand-covered staircase.
    51 | Ossuary  | Entered an ossuary
    82 | Ossuary  | Reached skill level 7 in Stealth
    82 | Ossuary  | Reached XP level 2. HP: 21/21 MP: 2/2
   108 | Ossuary  | Reached XP level 3. HP: 16/26 MP: 3/3
   328 | Ossuary  | Reached XP level 4. HP: 31/31 MP: 4/4
   332 | Ossuary  | Reached skill level 8 in Stealth
   347 | Ossuary  | Slain by a mummy

Illustrated notes

Levels and vault maps discovered:
D:5:      kennysheep_six_static_rooms, layout_loops_corners,
          nicolae_elyvilon_temple_path, mainiacjoe_overflow_tiny_flanked,
          nicolae_wu_jian_glorious_leap, minmay_temple_entry_gardened_gates,
          enter_ossuary_4
Ossuary:  ossuary_tomb_3

Skill      XL: |  1  2  3  4 |
---------------+-------------+-----
Stealth        | 7 8 |  8.1
Fighting       | |  3.3
Short Blades   | |  2.6
Dodging        | |  2.3

Action                     |  1- 3 |  4- 6 || total
---------------------------+-------+-------++-------
  Melee: Short sword       |    45 |    12 ||    57
         Tentacles         |    14 |     4 ||    18
         Constrict         |    12 |     2 ||    14
   Stab: Sleeping          |     1 |     1 ||     2
 Armour: Skin              |    10 |     3 ||    13
  Dodge: Dodged            |    21 |     3 ||    24

Table legend: (Time is in decaauts)
 A = Elapsed time spent in this place.
 B = Non-inter-level travel time spent in this place.
 C = Inter-level travel time spent in this place.
 D = Time resting spent in this place.
 E = Time spent auto-exploring this place.
 F = Levels seen in this place.
 G = Mean time per level.
                   A        B        C        D        E       F      G
               +--------+--------+--------+--------+--------+-----+--------+
         Total |    340 |    340 |      0 |    124 |     15 |   2 |  170.0 |
       Dungeon |     51 |     51 |      0 |      0 |     11 |   1 |   51.0 |
       Ossuary |    289 |    289 |      0 |    124 |      4 |   1 |  289.0 |
               +--------+--------+--------+--------+--------+-----+--------+

Top non-repeatable levels by time:
 Ossuary: 289 daAuts
     D:5: 51 daAuts
